 Dungeon Crawl Stone Soup version 0.23.2-1-ga50397a6bc (webtiles) character file.

Game seed: 9255382496988331241

104891 Peloso the Peltast (level 15, -10/139 HPs)
             Began as a Minotaur Fighter on May 1, 2019.
             Was the Champion of Okawaru.
             Shot with a bolt by a yaktaur captain (25 damage)
             ... on level 14 of the Dungeon.
             The game lasted 01:19:02 (28368 turns).

Peloso the Peltast (Minotaur Fighter)              Turns: 28368, Time: 01:19:03

Health: -10/139    AC: 22    Str: 27    XL:     15   Next: 93%
Magic:  7/7        EV: 10    Int: 11    God:    Okawaru [******]
Gold:   2473       SH: 16    Dex: 12    Spells: 14/14 levels left

rFire    . . .     SeeInvis +   a - +6 double sword (elec)
rCold    + + .     Gourm    .   c - +0 shield
rNeg     . . .     Faith    .   H - +2 plate armour {MR+}
rPois    +         Spirit   .   Q - +0 hat "Viudgho" {MP-9 Int+3 SInv}
rElec    .         Reflect  .   S - scarf {cloud immunity}
rCorr    .         Harm     .   m - +1 pair of gloves {archery}
MR       ++...                  B - +0 pair of boots
Stlth    ..........             t - amulet of the Bull {Acrobat rPois rC+ Int+3}
HPRegen  0.33/turn              F - ring of poison resistance
MPRegen  0.10/turn              x - ring of protection from cold

@: about to teleport, very slightly contaminated
A: retaliatory headbutt, horns 2, strong 1, subdued magic 1
a: Heroism, Finesse, Renounce Religion


You were on level 14 of the Dungeon.
You worshipped Okawaru.
Okawaru was exalted by your worship.
You were hungry.

You visited 4 branches of the dungeon, and saw 24 of its levels.
You visited the Abyss 2 times.
You also visited: Sewer, Ossuary and Ice Cave.

You collected 2739 gold pieces.
You spent 266 gold pieces at shops.

Inventory:

Hand Weapons
 a - a +6 double sword of electrocution (weapon)
 b - a +5 demon blade of venom
 e - the +1 falchion "Hydra's Peril" {slice, rN++}
   (You found it on level 13 of the Dungeon)

   It inflicts extra damage upon your enemies.
   It greatly protects you from negative energy.
 u - the +9 broad axe of the Ghost {chop, rPois rN+ Int-5}
   (You found it on level 14 of the Dungeon)

   It inflicts extra damage upon your enemies.
   It affects your intelligence (-5).
   It protects you from poison.
   It protects you from negative energy.
 y - a +1 scimitar of flaming
Armour
 c - a +0 shield (worn)
 m - a +1 pair of gloves of archery (worn)
 n - a +2 hat of intelligence
 p - a +1 cloak of invisibility
 B - a +0 pair of boots (worn)
 H - a +2 plate armour of magic resistance (worn)
 Q - the +0 hat "Viudgho" (worn) {MP-9 Int+3 SInv}
   (Okawaru gifted it to you on level 8 of the Dungeon)

   It affects your intelligence (+3).
   It affects your magic capacity (-9).
   It lets you see invisible.
 R - the +0 cloak "Lashue" {rF+}
   (You found it on level 6 of the Dungeon)

   It protects you from fire.
 S - a scarf of cloud immunity (worn)
Jewellery
 q - a +5 amulet of reflection
 t - the amulet of the Bull (around neck) {Acrobat rPois rC+ Int+3}
   (You found it on level 2 of the Orcish Mines)

   [amulet of the acrobat]

   It helps you evade while moving and waiting.
   It affects your intelligence (+3).
   It protects you from cold.
   It protects you from poison.
 x - a ring of protection from cold (right hand)
 F - a ring of poison resistance (left hand)
 J - an uncursed ring of protection from cold
 K - an uncursed ring of protection from cold
 T - an uncursed ring of protection from cold
 Y - an uncursed ring of fire
Wands
 d - a wand of iceblast (7)
 P - a wand of digging (2)
Scrolls
 g - 11 scrolls of teleportation
 h - 2 scrolls of identify
 j - 7 scrolls of remove curse
 k - a scroll of magic mapping
 l - 2 scrolls of amnesia
 z - a scroll of silence
 G - 2 scrolls of blinking
Potions
 i - 2 potions of mutation
 o - a potion of ambrosia
 r - 9 potions of haste
 s - 5 potions of agility
 v - 7 potions of curing
 A - 2 potions of heal wounds
 D - 3 potions of flight
 L - 3 potions of might
 N - 3 potions of resistance
Comestibles
 f - 32 rations


   Skills:
 + Level 14.9 Fighting
 + Level 17.1 Long Blades
 + Level 14.1 Armour
 + Level 5.2 Dodging
 + Level 1.5 Stealth
 + Level 18.8 Shields
 + Level 2.6 Invocations
 + Level 2.6 Evocations


You had 14 spell levels left.
You didn't know any spells.
Your spell library contained the following spells:

 Spells                   Type           Power        Failure   Level  Hunger
 Corona                   Hex            #......      92%         1    ##.....
 Magic Dart               Conj           #...         92%         1    ##.....
 Blink                    Tloc           N/A          98%         2    ###....
 Call Imp                 Summ           #.......     98%         2    ###....
 Poisonous Vapours        Pois/Air       #.....       98%         2    ###....
 Slow                     Hex            #.......     98%         2    ###....
 Conjure Flame            Conj/Fire      #.......     100%        3    ####...
 Inner Flame              Hex/Fire       #.......     100%        3    ####...
 Mephitic Cloud           Conj/Pois/Air  #.......     100%        3    ####...
 Portal Projectile        Hex/Tloc       #.....       100%        3    ####...
 Cause Fear               Hex            #.........   100%        4    #####..
 Leda's Liquefaction      Hex/Erth       #.........   100%        4    #####..
 Freezing Cloud           Conj/Ice/Air   #.........   100%        6    #######
 Ring of Flames           Chrm/Fire      #.........   100%        7    #######


Dungeon Overview and Level Annotations

Branches:
Dungeon (15/15)            Temple (1/1) D:5            Lair (6/6) D:11
 Shoals (0/4) Lair:3       Spider (0/4) Lair:4        Slime (0/5) Lair:6
    Orc (2/2) D:9             Elf (0/3) Orc:2        Vaults (0/5) D:13
 Depths: D:15

Altars:
Cheibriados
Dithmenos
Elyvilon
Fedhas
Gozag
Hepliaklqana
Makhleb
Nemelex Xobeh
Okawaru
Ru
Sif Muna
Trog
Uskayaw
Yredelemnul
The Shining One
Beogh
Jiyva

Shops:
D:9 (![(   D:12 !   Orc:1 (   Orc:2 !!}:

Annotations:
D:3 1 runed translucent door, foxfromabyss's ghost, amateur DEFE
D:9 3 runed translucent doors, MachJacob's ghost, novice MiBe


Innate Abilities, Weirdness & Mutations

You reflexively headbutt those who attack you in melee.
You have a pair of horns on your head.
Your muscles are strong. (Str +2)
Your spells are a little easier to cast, but a little less powerful.


Message History

You block the yaktaur captain's attack.
The stone giant throws a large rock.
The large rock hits you!
* * * LOW HITPOINT WARNING * * *
The ettin closely misses you. You furiously retaliate!
You headbutt the ettin, but do no damage.
The ettin hits you with a +0 dire flail.
* * * LOW HITPOINT WARNING * * *
You climb upwards.
There is a stone staircase leading down, spattered with blood here.
Blink to where?
Press: ? - help, Dir - move target cursor You are very lightly contaminated with residual magic.
As you read the scroll of blinking, it crumbles to dust.
The yaktaur captain wields a +0 arbalest.
The yaktaur captain shoots a bolt.
You block the bolt.
As you read the scroll of teleportation, it crumbles to dust.
You feel strangely unstable.
The yaktaur captain wields a +0 arbalest.
The yaktaur captain shoots a bolt.
The bolt hits you!!
You die...

..................#####...#......
..........##'#........#...#......
.........)#..#........###'#......
.....###'##..#....=..............
.....#...#.'##...................
.....#..)##..#......cC...........
.....#.......###'#....c..........
.....#...........#...(...........
.....#..).......@................
.....#...###.#..##...............
....##...#######....#######....<.
....#......# #....# #......
....#......# #....# #......
....#......# #....# #......
....'.....## #....# #......
....#.....## ###### #......
....#......# #......


You could see 2 yaktaur captains and an ettin.

Vanquished Creatures
  A bone dragon (Abyss:2)
  Jorgrun (D:12)
  A tentacled starspawn (Abyss:2)
  A storm dragon (D:14)
  A tengu reaver (D:14)
  A frost giant (IceCv)
  The ghost of radzia the Carver, a journeyman VSFi of Uskayaw (Orc:2)
  Azrael (Orc:2)
  A blizzard demon (Abyss:2)
  Erolcha (Orc:2)
  Erica (D:8)
  3 catoblepae
  6 hydras
  A death knight (D:14)
  6 two-headed ogres
  A centaur warrior (D:14)
  A deep troll shaman (Lair:6)
  A deep troll earth mage (D:14)
  A thrashing horror (Abyss:2)
  4 death yaks (Lair:6)
  2 orc high priests (Orc:2)
  Sonja (D:13)
  A wretched star (Abyss:2)
  2 sixfirhies (Abyss:2)
  3 skeletal warriors
  2 unseen horrors (D:14)
  An orb spider (shapeshifter) (D:14)
  7 orc knights
  2 phantasmal warriors (D:14)
  2 orc sorcerers
  4 oklob plants
  A wolf spider (shapeshifter) (D:14)
  A manticore (D:14)
  A cyclops (D:13)
  3 merfolk sirens (Lair:3)
  8 ugly things
  11 elephants
  Psyche (D:8)
  2 orange demons (Abyss:1)
  5 black mambas
  A smoke demon (Abyss:1)
  A rust devil (Abyss:1)
  7 spiny frogs
  A gargoyle (D:10)
  8 komodo dragons
  2 rime drakes (Lair:6)
  A freezing wraith (D:14)
  A kobold demonologist (D:14)
  A hellwing (Abyss:2)
  An ancient zyme (Abyss:2)
  5 trolls
  A merfolk (Lair:3)
  3 meliai
  15 polar bears
  Prince Ribbit (D:6)
  8 blink frogs
  A raiju (Abyss:2)
  10 dream sheep
  7 hippogriffs
  6 slime creatures (D:13)
  2 redbacks (Lair:4)
  3 shadows
  3 wraiths
  A ynoxinul (Abyss:2)
  4 wyverns
  57 yaks
  3 basilisks
  4 large abominations
  5 small abominations
  4 fire elementals (Orc:2)
  A neqoxec (Abyss:2)
  A steam dragon (D:9)
  2 hungry ghosts
  3 acid dragons
  19 wargs
  Edmund (D:6)
  14 water moccasins
  A hell hound (Orc:2)
  8 porcupines
  An ice beast (D:11)
  13 ogres
  53 orc warriors
  2 sky beasts
  8 black bears
  2 necrophages
  2 phantoms
  35 wolves
  6 centaurs
  6 crocodiles
  6 big kobolds
  2 elf zombies (Ossuary)
  11 bullfrogs
  2 scorpions
  5 killer bees (D:12)
  12 wights
  4 howler monkeys (D:11)
  3 electric eels
  5 crimson imps
  2 bullfrog zombies
  A human zombie (Ossuary)
  2 jellies
  6 orc priests
  11 hounds
  A bullfrog skeleton (D:13)
  4 centaur skeletons
  15 orc wizards
  A gnoll shaman (D:4)
  2 iguanas (D:4)
  10 worker ants
  A hound zombie (Ossuary)
  A hound skeleton (D:9)
  5 mummies
  16 adders
  15 gnolls
  A howler monkey skeleton (D:6)
  A river rat (Sewer)
  3 shadow imps
  A white imp (Abyss:2)
  5 oozes (Sewer)
  An adder skeleton (D:6)
  An adder zombie (Ossuary)
  4 worms
  A dart slug (D:1)
  6 leopard geckos
  117 orcs
  6 giant cockroaches
  2 gnoll zombies (Ossuary)
  3 goblins
  5 hobgoblins
  18 jackals
  15 kobolds
  5 quokkas
  2 ball pythons
  5 bats
  3 frilled lizards
  2 goblin zombies
  A hobgoblin zombie (Ossuary)
  A jackal zombie (Ossuary)
  3 kobold zombies
  2 quokka skeletons
  9 rats
  A fungus (Lair:6)
807 creatures vanquished.

Vanquished Creatures (others)
  2 polar bears (IceCv)
  2 yaks (IceCv)
  4 centaurs
  A shadow imp (D:8)
  An orc (D:8)
  20 fungi
  19 plants
  2 starspawn tentacles (Abyss:2)
51 creatures vanquished.

Grand Total: 858 creatures vanquished

Notes
Turn   | Place    | Note
-------+----------+-------------------------------------------
     0 | D:1      | Peloso the Minotaur Fighter began the quest for the Orb.
     0 | D:1      | Reached XP level 1. HP: 19/19 MP: 0/0
   113 | D:1      | Reached XP level 2. HP: 24/27 MP: 1/1
   387 | D:1      | Reached skill level 4 in Shields
   715 | D:2      | Reached XP level 3. HP: 32/33 MP: 2/2
   731 | D:2      | Reached skill level 1 in Dodging
   745 | D:2      | Reached XP level 4. HP: 22/41 MP: 3/3
  1709 | D:3      | Reached XP level 5. HP: 32/47 MP: 4/4
  1958 | D:3      | Reached skill level 5 in Fighting
  2308 | D:3      | Found a runed translucent door.
  2309 | D:3      | Noticed foxfromabyss's ghost (amateur DEFE)
  2482 | D:4      | Found a glowing drain.
  2486 | Sewer    | Entered a sewer
  2510 | Sewer    | Reached skill level 5 in Shields
  2584 | Sewer    | Reached XP level 6. HP: 46/56 MP: 5/5
  2730 | Sewer    | Reached skill level 5 in Long Blades
  3023 | D:4      | Reached XP level 7. HP: 60/61 MP: 6/6
  3030 | D:4      | Reached skill level 6 in Shields
  3498 | D:5      | Entered Level 5 of the Dungeon
  3536 | D:5      | Found a staircase to the Ecumenical Temple.
  3546 | Temple   | Entered the Ecumenical Temple
  3624 | Temple   | Became a worshipper of Warmaster Okawaru
  3801 | D:5      | Reached skill level 5 in Armour
  3856 | D:5      | Reached skill level 7 in Shields
  4422 | D:6      | Found a transporter.
  4487 | D:6      | Reached XP level 8. HP: 52/69 MP: 7/7
  4589 | D:6      | Found a sand-covered staircase.
  4602 | Ossuary  | Entered an ossuary
  4611 | Ossuary  | Reached * piety under Okawaru
  5005 | Ossuary  | Reached skill level 8 in Shields
  5190 | D:6      | Found a transporter.
  5265 | D:6      | You fall through a shaft!
  5525 | D:7      | Noticed a hippogriff
  5540 | D:7      | Killed a hippogriff
  5656 | D:7      | Reached ** piety under Okawaru
  5676 | D:7      | Reached skill level 1 in Stealth
  5792 | D:7      | HP: 3/70 [orc/+0 hand axe (4)]
  6410 | D:7      | Reached XP level 9. HP: 75/75 MP: 8/8
  6675 | D:8      | Noticed a two-headed ogre
  6686 | D:8      | Killed a two-headed ogre
  6686 | D:8      | Reached skill level 9 in Shields
  6777 | D:8      | Reached skill level 1 in Evocations
  6832 | D:8      | Noticed Erica
  6863 | D:8      | Killed Erica
  6863 | D:8      | Reached *** piety under Okawaru
  6863 | D:8      | Reached skill level 1 in Invocations
  7186 | D:8      | Noticed Psyche
  7190 | D:8      | Cast into level 1 of the Abyss (Psyche)
  7228 | Abyss:1  | Noticed a smoke demon
  7238 | Abyss:1  | Killed a smoke demon
  7238 | Abyss:1  | Reached **** piety under Okawaru
  7238 | Abyss:1  | Reached skill level 10 in Long Blades
  7238 | Abyss:1  | Reached skill level 10 in Shields
  7238 | Abyss:1  | Reached XP level 10. HP: 56/86 MP: 7/10
  7312 | Abyss:1  | Noticed a large abomination
  7424 | Abyss:1  | Noticed a large abomination
  7456 | Abyss:1  | Noticed an orange demon
  7467 | Abyss:1  | Killed an orange demon
  7494 | Abyss:1  | Noticed an orange demon
  7501 | Abyss:1  | Killed an orange demon
  7575 | Abyss:1  | Noticed a starcursed mass
  7743 | Abyss:1  | Noticed a large abomination
  7745 | Abyss:1  | Noticed a rust devil
  7752 | Abyss:1  | Killed a rust devil
  7754 | D:8      | Escaped the Abyss
  7762 | D:8      | Killed Psyche
  7925 | D:8      | Reached ***** piety under Okawaru
  8365 | D:8      | Noticed an orc sorcerer
  8366 | D:8      | Paralysed by an orc sorcerer for 7 turns
  8398 | D:8      | Noticed a rust devil
  8414 | D:8      | Noticed a rust devil
  8414 | D:8      | Killed an orc sorcerer
  8414 | D:8      | Reached skill level 11 in Shields
  8613 | D:8      | Received a gift from Okawaru
  8741 | D:8      | Noticed an ogre mage
  8889 | D:9      | Found a deep blue altar of Sif Muna.
  9078 | D:9      | Reached XP level 11. HP: 79/95 MP: 11/11
  9218 | D:9      | Found a runed translucent gate.
  9218 | D:9      | Found a runed translucent gate.
  9219 | D:9      | Found a runed translucent gate.
  9221 | D:9      | Noticed a frost giant
  9222 | D:9      | Noticed MachJacob's ghost (novice MiBe)
  9336 | D:9      | Found Jattich's Armour Boutique.
  9361 | D:9      | Found Heceusy's Distillery.
  9364 | D:9      | Found a staircase to the Orcish Mines.
  9417 | D:9      | Bought a potion of heal wounds for 60 gold pieces
  9417 | D:9      | Bought a potion of cancellation for 96 gold pieces
  9417 | D:9      | Bought a potion of mutation for 96 gold pieces
  9418 | D:9      | Noticed a two-headed ogre
  9429 | D:9      | Killed a two-headed ogre
  9429 | D:9      | Received a gift from Okawaru
  9515 | D:9      | Found Kaaletzo's Weapon Emporium.
  9587 | D:9      | Found Guam's Antique Weapon Shop.
  9703 | D:10     | Entered Level 10 of the Dungeon
 10607 | D:8      | Received a gift from Okawaru
 10875 | D:8      | Noticed an orc knight
 10897 | D:8      | Killed an orc knight
 10897 | D:8      | Received a gift from Okawaru
 10897 | D:8      | Reached skill level 12 in Shields
 10900 | D:8      | Got a bloodstained hat {god gift}
 10911 | D:8      | Identified the +0 hat "Viudgho" {MP-9 Int+3 SInv} (Okawaru
                  | gifted it to you on level 8 of the Dungeon)
 11210 | D:6      | Noticed Edmund
 11215 | D:6      | Noticed Prince Ribbit
 11218 | D:6      | Killed Edmund
 11226 | D:6      | Killed Prince Ribbit
 11244 | D:6      | Got a scorched cloak
 11255 | D:6      | Identified the cursed +0 cloak "Lashue" {rF+} (You found it
                  | on level 6 of the Dungeon)
 11614 | D:11     | Reached skill level 10 in Armour
 11655 | D:11     | Noticed a purple ugly thing
 11674 | D:11     | Killed a purple ugly thing
 12074 | D:11     | Reached skill level 10 in Fighting
 12100 | D:11     | Reached XP level 12. HP: 106/106 MP: 3/12
 12366 | D:11     | Found a staircase to the Lair.
 12552 | D:12     | Noticed Jorgrun
 12589 | D:12     | Killed Jorgrun
 12589 | D:12     | Reached skill level 13 in Shields
 12935 | D:12     | Noticed a two-headed ogre
 12942 | D:12     | Killed a two-headed ogre
 12979 | D:12     | Found an opulent altar of Gozag.
 13199 | D:11     | Reached ****** piety under Okawaru
 13659 | D:12     | Received a gift from Okawaru
 13932 | D:12     | Noticed a five-headed hydra
 13935 | D:12     | Killed a two-headed hydra
 13965 | D:12     | Found Nirroen's Distillery.
 13966 | D:12     | Noticed a two-headed ogre
 13977 | D:12     | Killed a two-headed ogre
 13977 | D:12     | Received a gift from Okawaru
 13985 | D:12     | Bought a potion of degeneration for 14 gold pieces
 14260 | Lair:1   | Entered Level 1 of the Lair of Beasts
 15248 | Lair:2   | Reached skill level 14 in Shields
 15256 | Lair:2   | Reached XP level 13. HP: 67/116 MP: 4/13
 16169 | Lair:3   | Found a staircase to the Shoals.
 16877 | Lair:3   | Received a gift from Okawaru
 17534 | Lair:4   | Reached skill level 15 in Shields
 17931 | Lair:4   | Reached skill level 15 in Long Blades
 17945 | Lair:4   | Found a hole to the Spider Nest.
 18003 | Lair:4   | Found a bloodstained altar of Trog.
 19886 | Lair:6   | Entered Level 6 of the Lair of Beasts
 19921 | Lair:6   | Reached skill level 16 in Shields
 19944 | Lair:6   | Found a frozen archway.
 19974 | Lair:6   | Reached XP level 14. HP: 90/126 MP: 5/14
 19999 | IceCv    | Entered an ice cave
 20597 | IceCv    | Noticed a frost giant
 20626 | IceCv    | Killed a frost giant
 20626 | IceCv    | Received a gift from Okawaru
 20947 | Lair:6   | Found a viscous altar of Jiyva.
 20947 | Lair:6   | Found a staircase to the Slime Pits.
 21539 | Lair:6   | Received a gift from Okawaru
 21539 | Lair:6   | Reached skill level 17 in Shields
 21836 | Lair:1   | Got a jasper-encrusted chain mail
 21847 | Lair:1   | Identified the +7 chain mail of Pathos {-Cast rC+++ MR-
                  | Dex+2} (You found it on level 1 of the Lair of Beasts)
 21958 | Lair:1   | Identified a scroll of acquirement
 22084 | D:13     | Found a gate to the Vaults.
 22113 | D:13     | Got a transparent falchion
 22114 | D:13     | Identified the +1 falchion "Hydra's Peril" {slice, rN++}
                  | (You found it on level 13 of the Dungeon)
 22247 | D:13     | Noticed Sonja
 22250 | D:13     | Cast into level 2 of the Abyss (Sonja)
 22309 | Abyss:2  | Noticed a tentacled starspawn
 22315 | Abyss:2  | Killed a tentacled starspawn
 22315 | Abyss:2  | Received a gift from Okawaru
 22484 | Abyss:2  | Noticed a green draconian shifter
 22542 | Abyss:2  | Noticed a bone dragon
 22547 | Abyss:2  | Gained mutation: Your muscles are strong. (Str +2) [a
                  | neqoxec]
 22562 | Abyss:2  | Gained mutation: Your spells are a little easier to cast,
                  | but a little less powerful. [a neqoxec]
 22565 | Abyss:2  | Killed a bone dragon
 22565 | Abyss:2  | Reached XP level 15. HP: 12/136 MP: 2/15
 22599 | Abyss:2  | Noticed a tentacled starspawn
 22613 | Abyss:2  | Found a corrupted altar of Lugonu.
 22690 | D:13     | Escaped the Abyss
 23025 | D:13     | Killed Sonja
 23117 | D:12     | Reached skill level 5 in Dodging
 23650 | Orc:1    | Entered Level 1 of the Orcish Mines
 23650 | Orc:1    | Found Bisam's Weapon Emporium.
 23896 | Orc:2    | Entered Level 2 of the Orcish Mines
 23905 | Orc:2    | Found a runed translucent gate.
 23905 | Orc:2    | Found a runed translucent gate.
 23905 | Orc:2    | Found a runed translucent gate.
 23906 | Orc:2    | Identified the cursed +3 dire flail of the Everdark
                  | {freeze, +Fly}
 23906 | Orc:2    | Identified the cursed +0 plate armour "Koufyeja" {*Corrode
                  | Dex+7}
 23907 | Orc:2    | Noticed radzia's ghost (journeyman VSFi)
 23910 | Orc:2    | Found a roughly hewn altar of Beogh.
 23971 | Orc:2    | Found a staircase to the Elven Halls.
 24058 | Orc:2    | Noticed Azrael
 24076 | Orc:2    | Killed Azrael
 24655 | Orc:2    | Reached skill level 18 in Shields
 24672 | Orc:2    | Found Rekhakag's Distillery.
 24672 | Orc:2    | Found Kiokoint's Distillery.
 24823 | Orc:2    | Found a roughly hewn altar of Beogh.
 24844 | Orc:2    | Found Taonaaph's Gadget Shoppe.
 24844 | Orc:2    | Found Nuadulu's Book Boutique.
 24891 | Orc:2    | Received a gift from Okawaru
 24897 | Orc:2    | Got a shimmering quarterstaff {god gift}
 24898 | Orc:2    | Identified the +1 quarterstaff "Izuinos" {freeze, +Fly
                  | rPois} (Okawaru gifted it to you on level 2 of the Orcish
                  | Mines)
 24964 | Orc:2    | Found a roughly hewn altar of Beogh.
 25030 | Orc:2    | Noticed Erolcha
 25034 | Orc:2    | Killed Erolcha
 25528 | Orc:2    | Killed radzia's ghost
 25879 | Orc:2    | Got a crude jade amulet
 25881 | Orc:2    | Identified the amulet of the Bull {Acrobat rPois rC+ Int+3}
                  | (You found it on level 2 of the Orcish Mines)
 25883 | Orc:2    | Got a steaming chain mail
 25894 | Orc:2    | Identified the cursed +0 chain mail "Xoohaf" {*Corrode
                  | *Slow rC+++ SInv} (You found it on level 2 of the Orcish
                  | Mines)
 26649 | D:14     | Got a fine broad axe
 26815 | D:14     | Received a gift from Okawaru
 27163 | D:14     | Identified the +9 broad axe of the Ghost {chop, rPois rN+
                  | Int-5} (You found it on level 14 of the Dungeon)
 27313 | D:15     | Entered Level 15 of the Dungeon
 27313 | D:15     | Found a huge runed gate.
 27313 | D:15     | Found a huge runed gate.
 27313 | D:15     | Found a huge runed gate.
 27313 | D:15     | Found a huge runed gate.
 27313 | D:15     | Found a huge runed gate.
 27320 | D:15     | Noticed a storm dragon
 27320 | D:15     | Noticed a sphinx
 27320 | D:15     | Noticed a sphinx
 27320 | D:15     | Noticed a sphinx
 27321 | D:15     | Noticed a tengu reaver
 27712 | D:14     | Killed a tengu reaver
 27839 | D:14     | Killed a storm dragon
 28368 | D:14     | Shot with a bolt by a yaktaur captain

Skill      XL: |  1  2  3  4  5  6  7  8  9 10 11 12 13 14 15 |
---------------+----------------------------------------------+-----
Fighting       | 4 5 6 7 8 10 11 12 13 14 | 14.9
Shields        | 4 5 7 8 10 11 12 14 16 17 18 | 18.8
Armour         | 4 5 6 8 9 10 11 12 13 14 | 14.1
Dodging        | 1 2 3 4 5 |  5.2
Long Blades    | 3 4 5 6 8 10 11 12 14 15 16 17 | 17.1
Stealth        | 1 |  1.5
Evocations     | 1 2 |  2.6
Invocations    | 1 2 |  2.6

Action                   |  1- 3 |  4- 6 |  7- 9 | 10-12 | 13-15 || total
-------------------------+-------+-------+-------+-------+-------++-------
Melee: Long sword        |    63 |   232 |   257 |       |       ||   552
       Headbutt          |    11 |    42 |    70 |   173 |   352 ||   648
       Falchion          |       |       |   102 |       |       ||   102
       Scimitar          |       |       |     7 |   848 |   646 ||  1501
       Double sword      |       |       |       |       |   776 ||   776
Invok: Heroism           |       |       |     4 |    10 |     9 ||    23
Evoke: Wand              |       |       |     6 |     5 |       ||    11
  Use: Potion            |     1 |       |     6 |     2 |     6 ||    15
       Scroll            |       |    13 |       |    10 |    19 ||    42
  Eat: Chunk             |       |     7 |    13 |    22 |    42 ||    84
       Ration            |       |       |       |     2 |       ||     2
Armor: Scale mail        |    15 |       |       |       |       ||    15
       Chain mail        |    35 |    84 |   144 |    31 |       ||   294
       Plate armour      |       |       |       |   164 |   394 ||   558
       Acid dragon scale |       |       |       |       |     2 ||     2
       Skin              |       |       |       |       |     1 ||     1
Dodge: Dodged            |    16 |    34 |    82 |   149 |   290 ||   571
Block: Shield            |    36 |   175 |   286 |   715 |  1193 ||  2405
       Reflection        |       |     3 |     3 |    62 |    20 ||    88
       Rpst.: Long sword |     5 |     8 |    12 |       |       ||    25
       Falchion          |       |       |     1 |       |       ||     1
       Scimitar          |       |       |       |    43 |    25 ||    68
       Double sword      |       |       |       |       |    29 ||    29
